AoeStats
← AkHide1

Lombardia

508153109Analyzed
4v4 RM · 10d ago on Sep 21, 2026· 46m 37s· 8 players
Game mode
Random Map
Map size
Large (8 player)
Population
200
Speed
Normal
Resources
Standard
Victory
Conquest
Starting age
Dark Age
Ending age
Imperial Age
RankedLock teamsTeams togetherTeam positionsShared explorationLock speedFull tech treeHidden civsTurbo modeCheats
Victory
Defeat
🇨🇦 Ethiopians · Canada
1224
+14
🇺🇸 Saracens · United States
1154
+17
🇺🇸 Wei · United States
1124
+18
🇨🇦 Romans · Canada
1060
+20
🇦🇷 Malay · Argentina
1194
-18
🇨🇱 Vietnamese · Chile
1190
-46
🇦🇷 Georgians · Argentina
1186
-18
🇦🇷 Hindustanis · Argentina
1118
-15
tarleton25
9:22 Loom
11:41 Feudal Age
14:48 Wheelbarrow
16:41 Castle Age
15:31 Fletching
15:38 Gold Mining
15:59 Horse Collar
16:54 Double-Bit Axe
18:49 Bodkin Arrow
19:09 Bow Saw
19:03 Heavy Plow
20:15 Padded Archer Armor
21:43 Leather Archer Armor
22:05 Town Watch
24:03 Ballistics
25:26 Bloodlines
25:17 Husbandry
26:30 Thumb Ring
26:33 Husbandry
29:47 Gold Shaft Mining
29:03 Stone Mining
29:48 Hand Cart
29:34 Town Patrol
29:49 Light Cavalry
33:29 Stone Shaft Mining
35:55 Imperial Age
35:59 Heavy Hei Guang Cavalry
36:46 Scale Barding Armor
36:52 Forging
38:14 Chain Barding Armor
39:27 Iron Casting
40:40 Conscription
40:49 Ming Guang Armor
40:26 Tuntian
41:56 Blast Furnace
40:57 Bracer
41:31 Parthian Tactics
BuddyDudeMan
11:03 Feudal Age
10:16 Loom
12:01 Double-Bit Axe
15:05 Horse Collar
15:28 Gold Mining
15:37 Stone Mining
16:26 Wheelbarrow
20:05 Castle Age
19:44 Scale Mail Armor
19:55 Forging
21:34 Hand Cart
21:31 Bow Saw
21:23 Heavy Plow
21:50 Pikeman
24:30 Squires
28:24 Chain Mail Armor
33:02 Man-at-Arms
35:24 Iron Casting
39:09 Fletching
39:20 Padded Archer Armor
40:20 Ballistics
40:14 Ballistas
39:53 Long Swordsman
49:07 Imperial Age
ibtip
9:22 Loom
13:02 Feudal Age
14:17 Double-Bit Axe
18:06 Castle Age
18:04 Horse Collar
20:28 Heavy Plow
20:25 Stone Mining
30:07 Forging
32:26 Wheelbarrow
31:56 Husbandry
32:09 Bloodlines
32:28 Scale Barding Armor
32:45 Gold Mining
34:18 Town Watch
35:12 Gold Shaft Mining
34:41 Caravan
37:59 Imperial Age
36:12 Iron Casting
39:06 Conscription
39:46 Elite Mameluke
40:51 Chain Barding Armor
42:33 Hand Cart
43:33 Plate Barding Armor
AmpedUpAF
6:21 Loom
9:09 Feudal Age
9:20 Man-at-Arms
9:47 Double-Bit Axe
13:00 Fletching
17:20 Arson
21:38 Castle Age
20:08 Gold Mining
20:04 Horse Collar
21:17 Padded Archer Armor
21:41 Crossbowman
22:18 Bodkin Arrow
22:47 Bow Saw
24:56 Wheelbarrow
25:18 Ballistics
25:29 Town Watch
27:42 Thumb Ring
34:00 Gold Shaft Mining
35:12 Scale Mail Armor
35:23 Forging
36:59 Leather Archer Armor
40:40 Imperial Age
39:38 Chain Mail Armor
39:46 Stone Mining
40:33 Iron Casting
40:10 Heavy Plow
41:46 Hand Cart
41:26 Arbalester
42:08 Bracer
Eros
12:11 Loom
14:02 Feudal Age
19:27 Castle Age
18:11 Fletching
25:56 Husbandry
27:06 Scale Barding Armor
38:12 Horse Collar
AkHide1
7:55 Loom
11:43 Feudal Age
13:33 Double-Bit Axe
15:55 Castle Age
18:47 Bow Saw
19:29 Horse Collar
22:48 Wheelbarrow
22:29 Gold Mining
23:43 Hand Cart
26:39 Gold Shaft Mining
26:16 Stone Mining
28:09 Scale Mail Armor
28:19 Forging
29:04 Squires
28:50 Arson
32:30 Imperial Age
31:04 Iron Casting
30:44 Chain Mail Armor
32:14 Stone Shaft Mining
32:18 Heavy Plow
33:57 Elite Ghulam
34:59 Conscription
36:17 Blast Furnace
Elcaminodelmanco
11:31 Feudal Age
13:54 Loom
16:49 Castle Age
17:19 Double-Bit Axe
25:36 Wheelbarrow
26:45 Fletching
26:55 Padded Archer Armor
27:17 Horse Collar
27:25 Town Watch
29:20 Hand Cart
30:19 Town Patrol
30:31 Bodkin Arrow
30:32 Gold Mining
31:31 Bow Saw
32:02 Heavy Plow
32:21 Leather Archer Armor
32:30 Ballistics
32:29 Stone Mining
37:09 Imperial Age
35:44 Chatras
35:54 Scale Barding Armor
36:00 Forging
37:04 Bloodlines
36:55 Husbandry
41:46 Chain Barding Armor
43:53 Chemistry
42:19 Elite Battle Elephant
Casco7777628
8:05 Loom
10:45 Feudal Age
11:26 Double-Bit Axe
18:38 Castle Age
22:35 Horse Collar
24:38 Scale Barding Armor
25:48 Fletching
27:45 Chain Barding Armor
28:43 Wheelbarrow
29:00 Town Watch
29:51 Husbandry
30:02 Bloodlines
30:13 Heavy Plow
30:53 Bow Saw
32:39 Ballistics
32:15 Murder Holes
34:19 Svan Towers
35:17 Forging
35:17 Gold Mining
35:29 Bodkin Arrow
37:21 Stone Mining
40:03 Treadmill Crane
43:41 Imperial Age
42:29 Iron Casting
43:03 Hand Cart
43:11 Masonry
45:01 Conscription
Connection lost

Rejoining the realm…

Still unreachable

The connection could not be restored.

Session expired

The server has moved on; the page needs a fresh start.